 Dungeon Crawl Stone Soup version 0.23.2-1-ga50397a6bc (console) character file.

Game seed: 17010494820318976364

66 Dragon00 the Skirmisher (level 3, -3/51 HPs)
             Began as a Minotaur Berserker on May 17, 2019.
             Was a Believer of Trog.
             Slain by an orc warrior
             ... wielding a +0 long sword
              (13 damage)
             ... on level 2 of the Dungeon.
             The game lasted 00:09:50 (1560 turns).

Dragon00 the Skirmisher (Minotaur Berserker)        Turns: 1560, Time: 00:09:51

Health: -3/51      AC:  2    Str: 26    XL:     3   Next: 96%
Magic:  2/2        EV: 12    Int:  4    God:    Trog [**....]
Gold:   121        SH:  0    Dex: 10    Spells: 2/2 levels left

rFire    + . .     SeeInvis .   a - +1 hand axe
rCold    + . .     Gourm    .   (no shield)
rNeg     . . .     Faith    .   b - +0 animal skin
rPois    +         Spirit   .   (helmet restricted)
rElec    +         Reflect  .   (no cloak)
rCorr    +         Harm     .   (no gloves)
MR       .....                  (no boots)
Stlth    ..........             (no amulet)
HPRegen  0.17/turn              (no ring)
MPRegen  0.08/turn              (no ring)

@: berserking, resistant, very quick
A: retaliatory headbutt, horns 2
a: Berserk, Trog's Hand, Renounce Religion


You were on level 2 of the Dungeon.
You worshipped Trog.
Trog was pleased with you.
You were hungry.

You visited 1 branch of the dungeon, and saw 2 of its levels.

You collected 121 gold pieces.

Inventory:

Hand Weapons
 a - a +1 hand axe (weapon)
Missiles
 k - 14 stones (quivered)
Armour
 b - a +0 animal skin (worn)
Scrolls
 f - a scroll of remove curse
 i - a scroll of identify
Potions
 g - a potion of cancellation
Comestibles
 c - a ration
 d - 10 chunks of flesh


   Skills:
 * Level 4.4 Fighting
 * Level 4.3 Axes
 + Level 3.1 Armour
 + Level 3.0 Dodging


You had 2 spell levels left.
You didn't know any spells.
Your spell library was empty.

Dungeon Overview and Level Annotations

Branches:
Dungeon (2/15)

Altars:
Fedhas


Innate Abilities, Weirdness & Mutations

You reflexively headbutt those who attack you in melee.
You have a pair of horns on your head.


Message History

The rat twitches its whiskers.
As you read the scroll labeled JINESI ZOUDIMI, it crumbles to dust.
The creatures around you are filled with an inner flame!
It was a scroll of immolation.
The orc warrior hits you with a +0 long sword.
* * * LOW HITPOINT WARNING * * *
As you read the scroll labeled TAYTUGAMPU, it crumbles to dust.
It is a scroll of enchant weapon.
Your +0 hand axe glows red for a moment.
The orc warrior hits you but does no damage.
A red film seems to cover your vision as you go berserk!
You feel yourself moving faster!
You feel mighty!
You are feeling hungry.
The orc warrior barely misses you.
You slash the orc warrior!
The orc warrior is heavily wounded.
You hit the orc warrior.
The orc warrior is severely wounded.
The orc warrior hits you with a +0 long sword!
You die...

,*,*<*,,,,,,,* #..............,,,
,*,*****########.#.....##########
,*,,,,,,...........###......#.<..
,*,,****#######.##)###..###.#....
,*,,***########.##.#....# #......
,*,>,,,................## ###....
**,,*,*###############..# ##...
,,,,,,*#....(..########.######...
***,,,,......(lo@....÷...........
*****#.$....o#########.#####...
***#..........r...,*..# #...
*,,..(.!..........,*#.# #..÷
*,,......?........,**.#* #...
*,,..####.........,**..* ####
*,,.,* #...######***#.#* ******
#...# ****,,* #...# *,,,,,*


You could see an orc warrior (inner flame), an orc wizard and a frilled lizard
(inner flame).

Vanquished Creatures
  2 adders (D:2)
  2 dart slugs
  A leopard gecko (D:1)
  An orc (D:2)
  A ball python (D:2)
  3 giant cockroaches
  5 goblins
  5 hobgoblins
  3 jackals (D:1)
  5 bats
  2 frilled lizards (D:2)
  4 kobolds
  6 rats
40 creatures vanquished.

Notes
Turn   | Place    | Note
-------+----------+-------------------------------------------
     0 | D:1      | Dragon00 the Minotaur Berserker began the quest for the
                  | Orb.
     0 | D:1      | Reached XP level 1. HP: 19/19 MP: 0/0
   197 | D:1      | Reached XP level 2. HP: 26/27 MP: 1/1
  1017 | D:2      | Reached ** piety under Trog
  1031 | D:2      | Reached XP level 3. HP: 33/33 MP: 2/2
  1328 | D:2      | Found a blossoming altar of Fedhas.
  1543 | D:2      | Noticed an orc warrior
  1560 | D:2      | Slain by an orc warrior

Skill      XL: |  1  2  3 |
---------------+----------+-----
Fighting       | 4 |  4.4
Axes           | 4 |  4.3
Armour         | 3 |  3.1
Dodging        | 3 |  3.0

Action                   || total
-------------------------++-------
Melee: Hand axe          ||    72
       Headbutt          ||    10
Throw: Stone             ||    48
Invok: Berserk           ||     1
  Use: Scroll            ||     4
       Potion            ||     3
  Eat: Chunk             ||     2
Armor: Animal skin       ||    13
Dodge: Dodged            ||    47
